Map: [ESL] Site Delta

Players

ONSYDESolar (Solar) - Winner!

  • Race: Zerg Zerg
  • League: Master
  • Spawn Location: 11:00

GuMiho

  • Race: Terran Terran
  • Spawn Location: 5:00

VOD

Have the link to the VOD?

Description

Time

  • Played on: Dec. 11, 2023, 7:04 a.m.
  • Length: 10:51
Show
View Real Time Build Order
Export as new Build Order

ONSYDESolar Zerg - Winner!

Build Orders: Hatch First, Roach Hydra 

Get SALT Encoding   

  12  0:00  Drone  
  13  0:12  Overlord  
  13  0:17  Drone  
  14  0:31  Drone x2  
  16  0:49  Hatchery  
  15  0:51  Drone  
  15  0:55  Drone  
  17  0:57  Drone  
  18  1:09  Extractor  
  17  1:13  Spawning Pool  
  17  1:16  Drone  
  17  1:20  Drone  
  18  1:28  Drone  
  20  1:40  Drone  
  20  1:51  Drone  
  21  2:00  Queen x2  
  26  2:01  Zergling x4  
  27  2:12  Zergling x2  
  27  2:15  Spore Crawler  
  27  2:19  Spore Crawler  
  27  2:22  Metabolic Boost  
  26  2:23  Overlord  
  28  2:42  Hatchery, Drone x3  
  28  2:43  Drone  
  31  2:52  Queen  
  31  2:58  Overlord  
  33  3:01  Drone  
  33  3:05  Drone x2  
  36  3:17  Drone x4  
  36  3:18  Zergling x2  
  36  3:19  Zergling x2  
  42  3:25  Zergling x2  
  43  3:31  Queen, Extractor  
  43  3:34  Overlord  
  45  3:36  Overlord  
  45  3:40  Overlord  
  44  3:51  Queen  
  44  3:53  Drone x4  
  50  3:57  Drone x2  
  50  4:00  Drone x2  
  50  4:02  Queen  
  56  4:07  Roach Warren  
  56  4:09  Drone  
  56  4:12  Extractor  
  56  4:14  Drone  
  56  4:15  Zergling x4  
  58  4:17  Overlord  
  58  4:20  Zergling x2  
  58  4:22  Drone  
  60  4:29  Zergling x4  
  60  4:30  Queen  
  63  4:33  Drone x2  
  63  4:36  Extractor  
  63  4:37  Drone x2  
  66  4:38  Drone  
  66  4:42  Overlord  
  66  4:43  Drone  
  66  4:45  Drone  
  69  4:49  Lair  
  69  4:50  Drone  
  69  4:51  Drone  
  69  4:52  Drone  
  72  4:54  Drone  
  72  4:56  Drone  
  74  5:00  Overlord  
  74  5:05  Overlord  
  74  5:10  Drone  
  74  5:13  Drone, Roach x2  
  74  5:14  Roach  
  80  5:15  Spore Crawler  
  80  5:18  Drone x2  
  80  5:21  Queen  
  83  5:24  Roach  
  83  5:26  Roach  
  83  5:27  Spore Crawler  
  83  5:28  Drone  
  87  5:29  Extractor, Roach x2  
  87  5:34  Overlord, Extractor  
  90  5:37  Zergling x6  
  90  5:40  Zergling x2  
  94  5:45  Drone x2  
  94  5:46  Overlord  
  94  5:47  Glial Reconstitution  
  94  5:48  Overlord  
  96  5:52  Drone  
  96  5:53  Roach  
  96  5:54  Roach x2  
  96  5:56  Roach  
  105  5:58  Overlord  
  105  6:00  Overlord x2  
  105  6:05  Roach x3  
  105  6:07  Drone  
  112  6:11  Overlord  
  112  6:12  Roach  
  112  6:16  Drone  
  112  6:18  Overseer  
  115  6:21  Roach x4  
  115  6:25  Roach x2  
  124  6:29  Drone x3  
  124  6:31  Drone  
  128  6:36  Roach x3  
  128  6:37  Roach  
  128  6:38  Ravager x3  
  139  6:40  Overlord  
  139  6:47  Infestation Pit  
  139  6:53  Overlord  
  137  6:58  Evolution Chamber  
  137  6:59  Drone  
  137  7:00  Drone x2  
  140  7:01  Drone  
  140  7:03  Drone x2  
  140  7:06  Extractor  
  140  7:08  Hatchery, Drone x4  
  141  7:10  Overlord  
  141  7:13  Overlord  
  144  7:20  Hydralisk Den, Overlord  
  144  7:22  Overlord  
  143  7:23  Overlord  
  143  7:28  Roach x3  
  138  7:33  Roach x3  
  141  7:37  Roach  
  141  7:38  Zergling x2, Roach  
  141  7:40  Roach  
  141  7:43  Roach x2  
  146  7:48  Zerg Missile Weapons Level 1  
  146  7:49  Hive  
  143  7:55  Drone x4  
  136  7:58  Drone x2  
  136  8:00  Extractor, Grooved Spines  
  136  8:01  Drone  
  136  8:04  Drone x2  
  137  8:07  Overlord, Extractor  
  137  8:10  Drone x2  
  138  8:14  Ravager  
  138  8:17  Hydralisk x3  
  138  8:18  Hydralisk  
  147  8:23  Drone  
  147  8:24  Zergling x2  
  147  8:25  Zergling x4  
  147  8:26  Hydralisk  
  153  8:29  Drone  
  153  8:30  Drone  
  153  8:31  Drone  
  156  8:36  Drone  
  156  8:40  Drone  
  158  8:44  Drone  
  158  8:45  Hydralisk x2  
  163  8:49  Hatchery  
  162  8:59  Overseer  
  162  9:02  Viper  
  162  9:03  Viper x4, Spore Crawler  
  162  9:05  Spine Crawler  
  162  9:06  Drone x2  
  162  9:08  Hydralisk x5  
  181  9:14  Drone, Muscular Augments  
  181  9:15  Drone  
  183  9:18  Hydralisk x2  
  187  9:26  Hydralisk  
  187  9:27  Hydralisk x3  
  187  9:30  Zergling x2  
  187  9:31  Zergling x10  
  199  9:36  Evolution Chamber  
  199  9:37  Evolution Chamber  
  197  9:40  Extractor  
  197  9:44  Extractor  
  195  9:49  Roach x3  
  199  10:06  Drone x4, Spore Crawler  
  199  10:09  Drone  
  199  10:11  Drone  
  199  10:12  Drone  
  198  10:18  Drone  
  199  10:29  Spore Crawler  
Show
View Real Time Build Order
Export as new Build Order

GuMiho Terran 

Build Orders: Mech 

Get SALT Encoding   

  12  0:00  SCV  
  13  0:12  SCV  
  14  0:19  Supply Depot  
  14  0:24  SCV  
  15  0:41  SCV, Barracks  
  16  0:45  Refinery  
  16  0:53  SCV  
  16  0:55  Refinery  
  17  1:05  SCV  
  18  1:17  SCV  
  19  1:28  Reaper  
  19  1:29  Orbital Command  
  20  1:37  Supply Depot  
  20  1:45  Factory  
  20  1:55  SCV  
  20  2:00  Reaper  
  22  2:07  SCV  
  23  2:19  SCV  
  24  2:31  SCV  
  24  2:32  Factory Reactor  
  24  2:33  Starport  
  25  2:41  Reaper  
  25  2:43  SCV  
  27  2:51  Command Center  
  27  2:55  SCV  
  28  2:59  Supply Depot  
  28  3:08  SCV  
  28  3:09  Starport Tech Lab  
  29  3:14  Cyclone  
  31  3:20  Cyclone  
  31  3:25  Supply Depot  
  34  3:27  SCV  
  34  3:29  Medivac  
  36  3:39  SCV  
  37  3:48  Cyclone  
  39  3:51  SCV  
  39  3:52  Cyclone  
  42  3:59  Raven  
  44  4:04  Orbital Command  
  44  4:06  SCV  
  45  4:19  SCV  
  45  4:20  Cyclone  
  48  4:25  Supply Depot, Cyclone  
  48  4:30  SCV  
  51  4:31  SCV  
  52  4:42  SCV  
  52  4:44  SCV  
  54  4:45  Command Center  
  54  4:47  Raven  
  56  4:53  Hellion  
  56  4:56  SCV x2  
  56  4:57  Hellion  
  60  5:14  SCV x2  
  60  5:17  Hellion  
  60  5:18  Hellion  
  60  5:19  Supply Depot  
  66  5:22  Supply Depot, Refinery  
  66  5:24  Refinery  
  66  5:26  SCV  
  70  5:29  SCV  
  70  5:33  Factory x2  
  68  5:37  Factory  
  68  5:38  SCV  
  68  5:41  SCV  
  70  5:50  SCV  
  70  5:53  SCV  
  70  5:54  Banshee  
  75  6:02  SCV  
  76  6:05  SCV  
  76  6:08  Orbital Command  
  77  6:12  Armory  
  77  6:15  SCV  
  77  6:17  SCV  
  79  6:18  Factory Tech Lab  
  79  6:19  Factory Reactor  
  79  6:22  Factory Reactor  
  77  6:27  SCV  
  77  6:29  SCV  
  77  6:32  Supply Depot, Cyclone x2  
  83  6:34  Supply Depot  
  83  6:38  Orbital Command  
  83  6:39  Hurricane Engines  
  85  6:41  SCV  
  85  6:42  Supply Depot, SCV  
  87  6:54  SCV x2  
  89  6:56  Cyclone x2  
  89  7:00  Supply Depot  
  93  7:02  Siege Tank  
  93  7:03  Terran Vehicle Weapons Level 1  
  93  7:04  SCV  
  93  7:06  SCV x2  
  97  7:10  Refinery  
  97  7:14  Hellion x3  
  97  7:15  Interference Matrix, Hellion  
  105  7:17  SCV  
  105  7:18  SCV  
  97  7:32  Cyclone  
  97  7:33  Cyclone  
  97  7:34  Cyclone  
  97  7:35  Orbital Command, Cyclone x2  
  97  7:36  SCV  
  97  7:37  SCV  
  101  7:38  Cyclone  
  93  7:46  Cyclone  
  82  8:01  SCV x2  
  82  8:02  SCV  
  82  8:05  Cyclone x2  
  87  8:06  Cyclone, Refinery  
  87  8:07  Hellion x2  
  87  8:10  Hellion  
  95  8:13  SCV x2  
  95  8:14  SCV  
  98  8:21  Cyclone  
  98  8:22  Infernal Pre-Igniter  
  98  8:25  SCV x2  
  98  8:27  SCV  
  103  8:29  Cyclone x2  
  103  8:31  Cyclone  
  109  8:37  SCV x2, Cyclone  
  109  8:39  SCV, Command Center  
  114  8:46  Cloaking Field, Banshee  
  117  8:50  Supply Depot  
  117  8:52  Supply Depot  
  117  8:53  Cyclone x2  
  117  8:55  Cyclone  
  123  9:00  SCV x2  
  123  9:01  SCV  
  126  9:13  Cyclone  
  126  9:14  Cyclone  
  130  9:20  Refinery  
  130  9:27  Cyclone x2  
  130  9:28  Hellion x3  
  130  9:30  Banshee  
  141  9:38  SCV x2  
  143  9:39  SCV  
  144  9:46  Hellion  
  144  9:52  SCV x3  
  149  9:53  Factory x3  
  149  9:57  Command Center  
  149  10:04  SCV x3  
  152  10:10  Hellion  
  152  10:11  Hellion  
  156  10:15  Hellion x2  
  156  10:16  Hellion x2  
  163  10:30  SCV  
  163  10:32  Supply Depot  
  164  10:37  SCV  
Tags
 
Composition
MechRoach Hydra
League
Master
Matchup
TvZ
Replay Pack
December 2023
Spawn Locations
Cross Positions
Add a new tag
Caveats
  • Supply blocks, unpowered buildings, or Contaminate may cause inaccurate times.
  • Supply counts are checked every 10 seconds.